 Dungeon Crawl Stone Soup version 0.19.5 (webtiles) character file.

107 empire the Slasher (level 4, 0/34 HPs)
             Began as a Mummy Gladiator on Mar 9, 2017.
             Slain by an orc wizard
             ... wielding a +0 dagger
              (3 damage)
             ... on level 3 of the Dungeon.
             The game lasted 00:03:03 (1748 turns).

empire the Slasher (Mummy Gladiator)                Turns: 1748, Time: 00:03:03

Health: 0/34       AC:  6    Str: 18    XL:     4   Next: 56%
Magic:  4/4        EV: 12    Int:  7    God:
Gold:   82         SH:  0    Dex: 13    Spells: 0 memorised, 3 levels left

rFire  x . .     SeeInvis .     a - +0 long sword
rCold  + . .     Gourm    .     e - +0 ring mail
rNeg   + + +     Faith    .     (no shield)
rPois  ∞         Spirit   .     c - +0 helmet
rElec  .         Reflect  .     (no cloak)
rCorr  .         Harm     .     (no gloves)
MR     .....                    (no boots)
Stlth  +.........               (no amulet)
                                (no ring)
                                (no ring)

@: no status effects
A: no food or potions, fire vulnerability, cold resistance 1, negative energy
resistance 3, torment resistance, unbreathing
a: no special abilities


You were on level 3 of the Dungeon.
You were not hungry.

You visited 1 branch of the dungeon, and saw 3 of its levels.

You collected 82 gold pieces.

Inventory:

Hand Weapons
 a - a +0 long sword (weapon)
Armour
 b - a +0 plate armour
 c - a +0 helmet (worn)
 e - a +0 ring mail (worn)
Scrolls
 f - 2 scrolls of fog {unknown}
 g - a scroll of enchant weapon {unknown}
 h - 5 scrolls of identify {unknown}
 i - a scroll of remove curse {unknown}
 j - a scroll of recharging {unknown}
 k - a scroll of enchant armour {unknown}
 l - 2 scrolls of noise {unknown}


   Skills:
 + Level 2.6 Fighting
 + Level 2.9 Long Blades
 + Level 2.4 Throwing
 + Level 1.2 Armour
 + Level 2.8 Dodging


You had 3 spell levels left.
You didn't know any spells.

Dungeon Overview and Level Annotations

Branches:
Dungeon (3/15)

Altars:
The Shining One


Innate Abilities, Weirdness & Mutations

You do not eat or drink.
Your flesh is vulnerable to fire.
You are immune to poison.
Your flesh is cold resistant. (rC+)
You are immune to negative energy. (rN+++)
You are immune to unholy pain and torment.
You can survive without breathing.


Message History

You throw a throwing net. The throwing net hits the rat.
The rat is caught in the net!
The rat struggles against the net.
Something hits you but does no damage.
Throwing (i - inventory):
d - a throwing net (quivered)
Press: ? - help, Shift-Dir - straight line, f/p - rat
Aim: a rat (entangled in a net)
You throw a throwing net. The throwing net barely misses the rat.
The rat struggles against the net.
Something hits you.
* * * LOW HITPOINT WARNING * * *
You miss something.
The rat struggles against the net.
Something hits you but does no damage.
You closely miss something.
The rat struggles against the net.
Something hits you but does no damage.
You slash something!
The rat struggles against the net.
The net rips apart, and the rat comes free!
Something hits you but does no damage. x2
You barely miss something. Something hits you but does no damage.
You hit something but do no damage. Something hits you but does no damage.
You miss something. Something hits you.
You die...

###.†..#........# #..
#...............# #..
#...............# #..
#........######## ###
#........# #........#
########## #........#
#...(.....
#........#######r........
###
#...........).@{ob...(...
...
#.......########o........
### #.......# #.........
######### #.........
#......... #.........
#......... #.........


You could see 2 orcs, a bat and a rat.

Vanquished Creatures
  4 adders
  An ooze (D:2)
  A worm (D:2)
  3 dart slugs
  5 leopard geckos
  2 orcs (D:3)
  4 bats
  A giant cockroach (D:1)
  4 goblins
  9 hobgoblins
  3 jackals (D:2)
  A quokka (D:3)
  A ball python (D:1)
  2 frilled lizards
  4 kobolds
  4 rats
49 creatures vanquished.

Notes
Turn   | Place    | Note
-------+----------+-------------------------------------------
     0 | D:1      | empire the Mummy Gladiator began the quest for the Orb.
     0 | D:1      | Reached XP level 1. HP: 16/16 MP: 1/1
   267 | D:1      | Reached XP level 2. HP: 18/22 MP: 2/2
   903 | D:2      | Reached XP level 3. HP: 28/28 MP: 3/3
   972 | D:2      | Reached skill level 1 in Armour
  1014 | D:2      | Found a glowing golden altar of the Shining One.
  1027 | D:2      | Reached XP level 4. HP: 20/34 MP: 4/4
  1596 | D:3      | Found a faded altar of an unknown god.
  1748 | D:3      | Slain by an orc wizard

Skill      XL: |  1  2  3 |
---------------+----------+-----
Throwing       | 2 |  2.4
Armour         | 1 |  1.2
Fighting       | |  2.6
Long Blades    | |  2.9
Dodging        | |  2.8

Action                   |  1- 3 |  4- 6 || total
-------------------------+-------+-------++-------
Melee: Long sword        |    87 |    64 ||   151
Throw: Throwing net      |       |     3 ||     3
Armor: Ring mail         |    41 |    46 ||    87
Dodge: Dodged            |    61 |    45 ||   106
       Rpst.: Long sword |    22 |    12 ||    34
